 Dungeon Crawl Stone Soup version 0.23.1 (webtiles) character file.

Game seed: 3428982078640669607

18 Borgoz the Ruffian (level 2, -1/26 HPs)
             Began as a Ghoul Monk on Mar 6, 2019.
             Slain by Sigmund
             ... wielding a +0 scythe
              (7 damage)
             ... on level 2 of the Dungeon.
             The game lasted 00:01:10 (855 turns).

Borgoz the Ruffian (Ghoul Monk)                      Turns: 855, Time: 00:01:11

Health: -1/26      AC:  2    Str: 19    XL:     2   Next: 66%
Magic:  1/1        EV: 13    Int:  5    God:
Gold:   77         SH:  0    Dex: 11    Spells: 1/1 levels left

rFire    . . .     SeeInvis .     - Unarmed
rCold    + . .     Gourm    .   (no shield)
rNeg     + + +     Faith    .   a - +0 robe
rPois    ∞         Spirit   .   (no helmet)
rElec    .         Reflect  .   (no cloak)
rCorr    .         Harm     .   (no gloves)
MR       .....                  (no boots)
Stlth    ++........             (no amulet)
HPRegen  0.00/turn              (no ring)
MPRegen  0.07/turn              (no ring)

@: mighty, rotting
A: rotting body, claws 1, carnivore, cold resistance 1, negative energy
resistance 3, inhibited regeneration, torment resistance, unbreathing
a: no special abilities


You were on level 2 of the Dungeon.
You were not hungry.

You visited 1 branch of the dungeon, and saw 2 of its levels.

You collected 77 gold pieces.

Inventory:

Armour
 a - a +0 robe (worn)
Jewellery
 e - an uncursed ring of positive energy {unknown}
Scrolls
 c - a scroll of identify {unknown}
 d - a scroll of enchant armour {unknown}
 f - a scroll of remove curse {unknown}
 h - a scroll of immolation {unknown}
 j - a scroll of teleportation {unknown}
 l - a scroll of noise {unknown}
Potions
 g - a potion of might
 i - a potion of flight {unknown}
Comestibles
 b - 5 rations
 k - 2 chunks of flesh


   Skills:
 + Level 3.6 Fighting
 + Level 3.0 Dodging
 - Level 2.1 Stealth
 + Level 3.7 Unarmed Combat


You had one spell level left.
You didn't know any spells.
Your spell library was empty.

Dungeon Overview and Level Annotations

Branches:
Dungeon (2/15)

Altars:
Fedhas
Uskayaw

Annotations:
D:2 Sigmund


Innate Abilities, Weirdness & Mutations

Your body is rotting away.
You thrive on raw meat.
You are immune to poison.
You have sharp fingernails.
You are carnivorous and can eat meat at any time.
Your flesh is cold resistant. (rC+)
You are immune to negative energy. (rN+++)
You do not regenerate when monsters are visible.
You are immune to unholy pain and torment.
You can survive without breathing.


Message History

No target in view!
No target in view!
No target in view!
No target in view!
No target in view!
No target in view!
You miss something. Something hits you!
A quokka comes into view.
A worm comes into view.
You scratch something but do no damage. Something hits you!
* * * LOW HITPOINT WARNING * * *
It was a potion of might.
You feel very mighty all of a sudden.
Okay, then.
You barely miss something.
You hear some strange, mumbled words.
Something tries to affect you, but you resist.
You miss something. Something hits you.
* * * LOW HITPOINT WARNING * * *
You claw something! Something hits you!
You die...

.................[.
.r..........).<....
............##....
########..........##....
.......#..........##....
.......#..........#####.
.......#..........# ##
...w..{...........# #
......r@....####### ###
..?.).......# #..
.####........# #.≈≈
#........# #.≈≈
#........# #.≈≈
#[.......# #..≈
#........# #...
#....[...# #... #...


You could see a worm and a quokka.

Vanquished Creatures
  A dart slug (D:2)
  A bat (D:1)
  A giant cockroach (D:1)
  2 goblins
  3 hobgoblins (D:1)
  A ball python (D:1)
  2 kobolds (D:2)
  4 rats
15 creatures vanquished.

Notes
Turn   | Place    | Note
-------+----------+-------------------------------------------
     0 | D:1      | Borgoz the Ghoul Monk began the quest for the Orb.
     0 | D:1      | Reached XP level 1. HP: 19/19 MP: 0/0
   381 | D:1      | Reached XP level 2. HP: 19/24 MP: 1/1
   671 | D:2      | Noticed a +0 dagger
   671 | D:2      | Noticed a +0 hand axe
   674 | D:2      | Found a hide-covered altar of Uskayaw.
   684 | D:2      | Found a blossoming altar of Fedhas.
   842 | D:2      | Noticed Sigmund
   855 | D:2      | Slain by Sigmund

Skill      XL: |  1  2 |
---------------+-------+-----
Dodging        | 3 |  3.0
Fighting       | |  3.6
Stealth        | |  2.1
Unarmed Combat | |  3.7

Action                   || total
-------------------------++-------
Melee: Unarmed           ||    38
  Use: Potion            ||     1
 Stab: Sleeping          ||     2
  Eat: Chunk             ||     2
Armor: Robe              ||     6
Dodge: Dodged            ||    22
